 Dungeon Crawl Stone Soup version 0.16-a0-3940-gf8a207b (webtiles) character file.

25 Absynth the Insei (level 2, -4/21 HPs)
             Began as a Demonspawn Transmuter on Feb 7, 2015.
             Slain by a hobgoblin
             ... wielding a +0 club
              (5 damage)
             ... on level 2 of the Dungeon.
             The game lasted 00:02:46 (1068 turns).

Absynth the Insei (Demonspawn Transmuter)           Turns: 1068, Time: 00:02:46

Health: -4/21      AC:  2    Str: 10    XL:     2   Next: 82%
Magic:  3/4        EV: 12    Int: 14    God:
Gold:   49         SH:  0    Dex: 13    Spells: 2 memorised, 2 levels left

rFire  . . .     SeeInvis .       - Unarmed
rCold  . . .     Clarity  .     c - +0 robe
rNeg   . . .     SustAb   .     (no shield)
rPois  .         Gourm    .     (helmet restricted)
rElec  .         Spirit   .     (no cloak)
rCorr  .         Warding  .     (no gloves)
rMut   .         Stasis   .     (no boots)
MR     .....                    (no amulet)
Stlth  +.........               (no ring)
                                (no ring)

@: appendage (expiring), not resistant to hostile enchantments, very unstealthy
A: horns 2, spiny 1
a: End Transformation


You were on level 2 of the Dungeon.
You were not hungry.
You had grown temporary horns.
You visited 1 branch of the dungeon, and saw 2 of its levels.

You collected 49 gold pieces.

Inventory:

Missiles
 b - 27 arrows
Armour
 c - a +0 robe (worn)
Scrolls
 g - a scroll of identify {unknown}
 i - a scroll of magic mapping {unknown}
Potions
 e - a potion of curing {unknown}
 f - a potion of ambrosia {unknown}
 h - a potion of brilliance {unknown}
 l - a potion of heal wounds {unknown}
Books
 d - a book of Changes

   Spells                             Type                      Level
   a - Beastly Appendage              Transmutation                1
   b - Sticks to Snakes               Transmutation                2
   c - Spider Form                    Transmutation/Poison         3
   d - Ice Form                       Ice/Transmutation            4
   e - Blade Hands                    Transmutation                5
Comestibles
 a - 3 bread rations
 j - a beef jerky


   Skills:
 - Level 1.0 Fighting
 - Level 1.7 Dodging
 + Level 3.1 Unarmed Combat
 - Level 2.0 Spellcasting
 + Level 2.5 Transmutations


You had 2 spell levels left.
You knew the following spells:

 Your Spells              Type           Power        Failure   Level  Hunger
a - Beastly Appendage     Trmt           #.....       10%         1    ##.....
n - Sticks to Snakes      Trmt           #.........   14%         2    ###....


Dungeon Overview and Level Annotations

Branches:
Dungeon (2/15)

Altars:
Qazlal


Innate Abilities, Weirdness & Mutations

You are partially covered in sharp spines.
You have a pair of horns on your head.


Message History

The goblin shouts!
The bat barely misses you. The hobgoblin hits you with a club.
You barely miss the hobgoblin. The goblin hits you but does no damage.
The bat barely misses you.
You miss the bat. Your headbutt misses the bat.
Your transformation is almost over.
The bat closely misses you. The hobgoblin hits you with a club.
You closely miss the hobgoblin. The bat barely misses you.
The goblin hits you with a club. The hobgoblin hits you with a club.
* * * LOW HITPOINT WARNING * * *
You are too injured to fight recklessly!
You are too injured to fight recklessly!
You are too injured to fight recklessly!
You are too injured to fight recklessly!
You barely miss the goblin. The bat hits you.
* * * LOW HITPOINT WARNING * * *
The goblin hits you with a club.
* * * LOW HITPOINT WARNING * * *
The hobgoblin hits you with a club.
You die...

### ..#### #
....## #(
#....##
#.#.....##
#?@.....#
#....bgg##...#
#....?.#.
....# .......
#. #...
######. ## .#
## ### #.#..


You could see a hobgoblin, a goblin and a bat.

Vanquished Creatures
  An ooze (D:2)
  2 goblins
  5 hobgoblins
  3 ball pythons
  3 bats
  2 giant newts
  4 rats (D:1)
20 creatures vanquished.

Vanquished Creatures (collateral kills)
  A worm (D:2)
1 creature vanquished.

Grand Total: 21 creatures vanquished

Notes
Turn   | Place    | Note
--------------------------------------------------------------
     0 | D:1      | Absynth, the Demonspawn Transmuter, began the quest for the Orb.
     0 | D:1      | Reached XP level 1. HP: 15/15 MP: 3/3
   318 | D:1      | Reached skill level 3 in Unarmed Combat
   369 | D:1      | Gained mutation: You are partially covered in sharp spines. [demonic ancestry]
   369 | D:1      | Reached XP level 2. HP: 19/21 MP: 4/4
   535 | D:2      | Found a stormy altar of Qazlal.
   824 | D:2      | Learned a level 2 spell: Sticks to Snakes
  1068 | D:2      | HP: 1/21 [goblin/club (2)]
  1068 | D:2      | Slain by a hobgoblin

Action                   || total
-------------------------++-------
Melee: Unarmed           ||    80
 Cast: Beastly Appendage ||     4
       Sticks to Snakes  ||     2
 Stab: Sleeping          ||     1
  Eat: Chunk             ||     1
